 Dungeon Crawl Stone Soup version 0.26-b1-45-g23770d1d51 (webtiles) character file.

Game seed: 6661559709027717121

445 pokeman the Magician (level 6, -1/34 HPs)
             Began as a Deep Elf Hedge Wizard on Jan 6, 2021.
             Was an Initiate of Vehumet.
             Killed from afar by Ijyb (6 damage)
             ... with a puff of flame
             ... on level 5 of the Dungeon.
             The game lasted 00:11:15 (6012 turns).

pokeman the Magician (Deep Elf Hedge Wizard)        Turns: 6012, Time: 00:11:16

Health: -1/34      AC:  3    Str:  7    XL:     6   Next: 72%
Magic:  8/18       EV: 12    Int: 21    God:    Vehumet [......]
Gold:   183        SH:  0    Dex: 14    Spells: 8/19 levels left

rFire    . . .     SeeInvis .   d - +4 mace
rCold    + . .     Faith    .   (no shield)
rNeg     . . .     Spirit   .   m - +0 leather armour
rPois    .         Reflect  .   c - +0 hat
rElec    .         Harm     .   (no cloak)
rCorr    .         Rampage  .   (no gloves)
Will     .....     Rnd*Tele +   (no boots)
Stlth    ++........             (no amulet)
HPRegen  0.11/turn              x - ring of teleportation (curse)
MPRegen  0.16/turn              y - ring of protection from cold

@: no status effects
A: no striking features
a: Renounce Religion


You were on level 5 of the Dungeon.
You worshipped Vehumet.
Vehumet was noncommittal.
You visited 2 branches of the dungeon, and saw 6 of its levels.

You collected 183 gold pieces.

Inventory:

Hand Weapons
 d - a +4 mace (weapon)
Missiles
 u - 16 arrows
Armour
 c - a +0 hat (worn)
 m - a +0 leather armour (worn)
Jewellery
 a - an uncursed ring of see invisible
 i - an uncursed ring of stealth
 x - a cursed ring of teleportation (left hand)
 y - a ring of protection from cold (right hand)
Wands
 q - a wand of enslavement (6)
Scrolls
 e - 4 scrolls of enchant armour {unknown}
 f - 3 scrolls of amnesia {unknown}
 g - 4 scrolls of identify {unknown}
 h - 2 scrolls of noise {unknown}
 k - a scroll of immolation {unknown}
 l - a scroll of enchant weapon {unknown}
 n - 2 scrolls of teleportation {unknown}
 o - 2 scrolls of remove curse {unknown}
 s - a scroll of magic mapping {unknown}
 w - a scroll of fog {unknown}
Potions
 b - 2 potions of berserk rage {unknown}
 j - 6 potions of curing {unknown}
 p - 2 potions of flight {unknown}
 r - 4 potions of attraction {unknown}
 t - 2 potions of heal wounds
 v - a potion of lignification {unknown}
 z - a potion of degeneration {unknown}


   Skills:
 + Level 1.4 Fighting
 - Level 1.0 Armour
 - Level 3.0 Dodging
 - Level 3.0 Stealth
 * Level 7.3 Spellcasting
 + Level 3.4 Conjurations
 - Level 1.1 Summonings
 - Level 1.1 Translocations
 + Level 1.1 Fire Magic
 - Level 1.1 Air Magic
 - Level 1.4 Poison Magic
 - Level 1.0 Evocations


You had 8 spell levels left.
You knew the following spells:

 Your Spells              Type           Power        Failure   Level
a - Magic Dart            Conj           88%          3%          1
b - Mephitic Cloud        Conj/Pois/Air  16%          16%         3
c - Call Imp              Summ           12%          12%         2
d - Blink                 Tloc           N/A          12%         2
e - Conjure Flame         Conj/Fire      17%          14%         3

Your spell library contained the following spells:

 Spells                   Type           Power        Failure   Level
 Slow                     Hex            7%           19%         2


Dungeon Overview and Level Annotations

Branches:
Dungeon (5/15)             Temple (1/1) D:4

Altars:
Ashenzari
Fedhas
Hepliaklqana
Kikubaaqudgha
Makhleb
Nemelex Xobeh
Sif Muna
Trog
Uskayaw
Vehumet
Wu Jian
Xom
Zin
The Shining One

Annotations:
D:5 Ijyb


Message History

Aim: an ogre, wielding a +0 giant club (lightly wounded, confused, 0% to evade)
The magic dart hits the ogre.
The ogre is lightly wounded.
You hit the ogre.
The ogre is heavily wounded.
Ijyb the Twisted Goblin comes into view.
She is wielding a +0 dagger and carrying a wand of flame (14).
You hit the ogre but do no damage.
The ogre is heavily wounded.
Ijyb zaps a wand.
The puff of flame misses you.
You sock the ogre!
The ogre is severely wounded.
Ijyb drinks a potion.
Ijyb seems to speed up.
You barely miss the ogre.
The ogre is severely wounded.
The ogre seems less confused.
Ijyb zaps a wand.
The puff of flame hits you!
The ogre hits you with a +0 giant club!!
Ouch! That really hurt!
* * * LOW HITPOINT WARNING * * *
Ijyb zaps a wand.
The puff of flame hits you.
You die...

##.....
O......
#.....
#.....
#.....
#...S.
#!....######
#.....g..O.#
####....†.@#
#.......#
#.......#
#.......#
#.......#
#.......#
#########


You could see an ogre and Ijyb (fast).

Vanquished Creatures
  A sky beast (D:5)
  A gnoll shaman (D:4)
  An iguana (D:5)
  2 worker ants
  4 adders
  7 gnolls
  An ufetubus (D:4)
  An adder skeleton (D:5)
  2 worms (D:2)
  4 leopard geckos
  5 orcs (D:3)
  2 giant cockroaches
  11 hobgoblins
  4 jackals (D:3)
  2 quokkas (D:3)
  3 ball pythons
  4 bats
  3 frilled lizards
  11 goblins
  5 kobolds
  5 rats
79 creatures vanquished.

Vanquished Creatures (collateral kills)
  A centaur (D:3)
1 creature vanquished.

Grand Total: 80 creatures vanquished

Notes
Turn   | Place    | Note
-------+----------+-------------------------------------------
     0 | D:1      | pokeman the Deep Elf Hedge Wizard began the quest for the
                  | Orb.
     0 | D:1      | Reached XP level 1. HP: 10/10 MP: 7/7
   419 | D:1      | Reached XP level 2. HP: 16/16 MP: 4/9
  1251 | D:2      | Reached skill level 5 in Spellcasting
  1328 | D:2      | Reached XP level 3. HP: 11/20 MP: 3/11
  1332 | D:2      | Learned a level 3 spell: Mephitic Cloud
  1335 | D:2      | Learned a level 2 spell: Call Imp
  1338 | D:2      | Learned a level 2 spell: Blink
  1342 | D:2      | Learned a level 3 spell: Conjure Flame
  1879 | D:2      | Found a shimmering altar of Xom.
  1880 | D:2      | Found a hazy altar of Hepliaklqana.
  1881 | D:2      | Noticed a spectral ugly thing
  1890 | D:2      | Reached skill level 1 in Armour
  2366 | D:3      | Reached skill level 1 in Fighting
  2728 | D:3      | Reached XP level 4. HP: 25/25 MP: 8/13
  3220 | D:3      | Reached skill level 1 in Fire Magic
  3450 | D:3      | Reached skill level 6 in Spellcasting
  3454 | D:3      | Reached XP level 5. HP: 29/29 MP: 3/15
  3919 | D:3      | Found a glowing silver altar of Zin.
  4002 | D:3      | Noticed a centaur
  4020 | D:3      | Killed a centaur
  4021 | D:3      | Reached skill level 1 in Air Magic
  4645 | D:4      | Reached XP level 6. HP: 14/34 MP: 9/17
  4852 | D:4      | Found a bloodstained altar of Trog.
  5504 | D:4      | Found a staircase to the Ecumenical Temple.
  5515 | Temple   | Entered the Ecumenical Temple
  5558 | Temple   | Became a worshipper of Vehumet
  5758 | D:5      | Entered Level 5 of the Dungeon
  5758 | D:5      | Noticed an ice beast
  5785 | D:5      | Noticed a sky beast
  5819 | D:4      | Reached skill level 1 in Evocations
  5919 | D:5      | Killed a sky beast
  5920 | D:5      | Reached skill level 7 in Spellcasting
  5920 | D:5      | Reached skill level 1 in Poison Magic
  6009 | D:5      | Noticed Ijyb
  6012 | D:5      | Killed from afar by Ijyb

Illustrated notes

Levels and vault maps discovered:
D:1:      elethiomel_arrival_shortcut, layout_loops_ring
D:2:      layout_loops_ring, regret_index_temple_of_mockery,
          chequers_serial_rivers_micro_a
D:3:      layout_loops_corners, zin_statuary
D:4:      layout_basic, bloody_trog, minmay_temple_entry_statues,
          hangedman_glass_teeth
D:5:      layout_basic, uniq_ijyb, uniq_eustachio
Temple:   jpeg_temple_clearing

Skill      XL: |  1  2  3  4  5  6 |
---------------+-------------------+-----
Spellcasting   | 5 6 7 |  7.3
Armour         | 1 |  1.0
Fighting       | 1 |  1.4
Conjurations   | 2 3 |  3.4
Fire Magic     | 1 |  1.1
Dodging        | 3 |  3.0
Stealth        | 3 |  3.0
Air Magic      | 1 |  1.1
Evocations     | 1 |  1.0
Poison Magic   | 1 |  1.4
Summonings     | |  1.1
Translocations | |  1.1

Action                   |  1- 3 |  4- 6 || total
-------------------------+-------+-------++-------
Melee: Mace              |    30 |    34 ||    64
 Cast: Magic Dart        |   111 |    94 ||   205
       Mephitic Cloud    |     1 |     9 ||    10
       Call Imp          |       |     2 ||     2
       Conjure Flame     |       |     1 ||     1
 Stab: Confused          |       |     5 ||     5
Armor: Leather armour    |    16 |     8 ||    24
Dodge: Dodged            |    46 |    41 ||    87
